AoeStats
← IccCce

Nomad

507686748Analyzed
4v4 RM · 13d ago on Sep 19, 2026· 66m 25s· 8 players
Game mode
Random Map
Map size
231×231
Population
200
Speed
Normal
Resources
Standard
Victory
Conquest
Starting age
Dark Age
Ending age
Imperial Age
RankedLock teamsTeams togetherTeam positionsShared explorationLock speedFull tech treeHidden civsTurbo modeCheats
Victory
Defeat
🇦🇷 Teutons · Argentina
992
+19
🇮🇳 Wu · India
981
+19
🇹🇷 Japanese · Türkiye
928
+21
🇹🇳 Vikings · Tunisia
917
+23
🇨🇳 Vietnamese · China
1076
-21
🇨🇳 Burgundians · China
1056
-21
🇨🇳 Berbers · China
1052
-20
🇨🇳 Sicilians · China
1029
-20
O.
7:43 Loom
14:48 Feudal Age
15:24 Double-Bit Axe
18:59 Gold Mining
23:38 Castle Age
21:21 Horse Collar
21:34 Stone Mining
21:47 Padded Archer Armor
26:13 Bow Saw
26:09 Scale Mail Armor
26:19 Forging
29:27 Fletching
30:04 Ballistics
30:38 Squires
32:53 Iron Casting
32:17 Murder Holes
34:21 Chain Mail Armor
34:48 Town Watch
37:24 Heavy Plow
44:39 Imperial Age
41:53 Pikeman
42:20 Arson
45:54 Plate Mail Armor
46:41 Masonry
48:08 Blast Furnace
49:02 Conscription
50:00 Hoardings
50:51 Chieftains
51:29 Bodkin Arrow
54:02 Chemistry
53:35 Capped Ram
56:10 Crossbowman
57:08 Leather Archer Armor
56:57 Arbalester
57:41 Bogsveigar
60:18 Ring Archer Armor
60:33 Bracer
*Lord*
4:41 Loom
5:52 Loom
14:49 Feudal Age
20:44 Castle Age
20:42 Fishing Lines
24:10 Fletching
25:33 Scale Mail Armor
26:05 Squires
25:57 Pikeman
28:54 Forging
31:50 Bodkin Arrow
32:59 Wheelbarrow
36:49 Chain Mail Armor
38:34 Iron Casting
37:57 Gillnets
45:07 Imperial Age
42:53 Hand Cart
42:27 Arson
43:54 Red Cliffs Tactics
43:56 Padded Archer Armor
45:04 Leather Archer Armor
46:53 Bracer
47:25 Plate Mail Armor
47:56 Blast Furnace
48:01 Gold Mining
48:03 Stone Mining
48:00 Double-Bit Axe
47:57 Horse Collar
47:46 Elite Fire Archer
48:55 Conscription
48:37 Sitting Tiger
50:14 Halberdier
54:25 Gold Shaft Mining
54:28 Stone Shaft Mining
54:05 Bow Saw
53:57 Heavy Plow
55:51 Man-at-Arms
56:46 Town Watch
58:44 Two-Man Saw
57:28 Long Swordsman
62:55 Ballistics
63:36 Chemistry
62:33 Murder Holes
62:19 Treadmill Crane
62:50 Masonry
62:18 Demolition Ship
63:09 Medium Warships
63:10 Siphons
63:16 Clinker Construction
62:59 Heated Shot
65:38 Heavy Warships
66:11 Guilds
66:32 Coinage
NELMAN
5:24 Loom
14:26 Feudal Age
14:56 Double-Bit Axe
19:41 Castle Age
18:28 Stone Mining
18:31 Gold Mining
18:55 Forging
18:40 Fishing Lines
19:36 Scale Mail Armor
20:54 Gillnets
21:56 Bow Saw
22:28 Fletching
23:37 Bodkin Arrow
23:58 Chain Mail Armor
30:44 Iron Casting
33:54 Wheelbarrow
37:50 Imperial Age
35:04 Horse Collar
39:46 Plate Mail Armor
40:17 Blast Furnace
39:09 Arson
39:25 Squires
39:11 Gambesons
40:35 Bracer
41:17 Conscription
40:22 Elite Samurai
42:01 Hand Cart
44:32 Pikeman
45:13 Halberdier
47:28 Two-Man Saw
48:20 Kataparuto
48:52 Heavy Plow
51:21 Padded Archer Armor
53:37 Chemistry
52:34 Murder Holes
52:45 Siege Engineers
53:30 Treadmill Crane
54:44 Leather Archer Armor
61:55 Town Watch
62:42 Ring Archer Armor
62:34 Ballistics
62:26 Masonry
62:57 Yasama
63:57 Town Patrol
66:13 Hoardings
SMNT-Chifuego
5:20 Loom
18:46 Feudal Age
23:46 Fletching
24:07 Forging
27:10 Castle Age
24:57 Town Watch
27:02 Scale Mail Armor
27:23 Gold Mining
27:24 Stone Mining
29:42 Squires
29:02 Pikeman
32:05 Bodkin Arrow
32:49 Iron Casting
35:51 Fishing Lines
39:20 Gillnets
46:11 Chain Mail Armor
52:14 Imperial Age
52:30 Elite Teutonic Knight
54:06 Halberdier
55:04 Double-Bit Axe
58:00 Hoardings
57:22 Horse Collar
59:00 Wheelbarrow
66:29 Hand Cart
QAXIA
6:54 Loom
14:38 Feudal Age
16:04 Double-Bit Axe
18:47 Castle Age
17:17 Horse Collar
19:14 Scale Barding Armor
21:06 Wheelbarrow
20:46 Husbandry
20:14 Cavalier
21:34 Forging
26:06 Chain Barding Armor
28:03 Heavy Plow
30:01 Iron Casting
33:08 Hand Cart
36:55 Imperial Age
34:59 Gold Mining
35:55 Bow Saw
36:55 Paladin
38:19 Plate Barding Armor
48:32 Blast Furnace
49:49 Coinage
49:59 Murder Holes
53:52 Light Cavalry
55:15 Conscription
55:52 Hussar
58:47 Crop Rotation
胜利如此简单
3:31 Loom
19:38 Feudal Age
23:50 Castle Age
29:30 Gold Mining
36:44 Murder Holes
38:53 Wheelbarrow
41:56 Double-Bit Axe
44:46 Imperial Age
43:37 Hand Cart
45:52 Gambesons
45:29 Man-at-Arms
45:47 Pikeman
45:50 Man-at-Arms
47:17 Medium Warships
47:25 Long Swordsman
48:59 Two-Handed Swordsman
50:26 Champion
52:49 Champion
61:24 Onager
62:41 Arson
IccCce
15:53 Feudal Age
19:51 Double-Bit Axe
26:32 Wheelbarrow
26:09 Gold Mining
26:09 Stone Mining
28:42 Horse Collar
34:07 Castle Age
34:15 Bloodlines
35:01 Bow Saw
35:27 Fishing Lines
36:09 Husbandry
35:31 Light Cavalry
36:22 Heavy Plow
39:16 Hand Cart
40:45 Town Watch
42:14 Gillnets
43:30 Forging
43:21 Scale Mail Armor
43:26 Scale Barding Armor
43:21 Padded Archer Armor
43:15 Fletching
47:56 Imperial Age
45:53 Man-at-Arms
47:28 Bodkin Arrow
48:08 Iron Casting
50:45 Chemistry
50:06 Ballistics
49:26 Treadmill Crane
49:57 Masonry
49:58 Fortified Wall
49:23 Long Swordsman
50:19 Squires
51:43 Conscription
52:10 Pikeman
52:11 Two-Handed Swordsman
53:38 Elite Cannon Galleon
55:57 Crop Rotation
55:48 Champion
58:18 Gold Shaft Mining
58:18 Stone Shaft Mining
57:44 Murder Holes
57:32 Hussar
59:45 Hoardings
59:58 Elite Camel Archer
江
5:06 Loom
14:38 Feudal Age
21:52 Castle Age
19:54 Double-Bit Axe
31:48 Ballistics
31:24 Murder Holes
35:12 Husbandry
35:23 Bloodlines
35:37 Crossbowman
38:13 Bloodlines
43:19 Fishing Lines
43:55 Scale Barding Armor
44:01 Forging
43:53 Scale Mail Armor
46:33 Padded Archer Armor
50:21 Bow Saw
53:20 Horse Collar
53:36 Stone Mining
53:37 Gold Mining
57:10 Stone Shaft Mining
56:46 Chatras
58:16 Fletching
59:55 Bodkin Arrow
60:15 Leather Archer Armor
63:51 Imperial Age
62:00 Wheelbarrow
61:11 Town Watch
64:09 Elite Rattan Archer
Connection lost

Rejoining the realm…

Still unreachable

The connection could not be restored.

Session expired

The server has moved on; the page needs a fresh start.